AoeStats
← Dumbzie

Black Forest

510425585Analyzed
4v4 RM · 2d ago on Oct 1, 2026· 55m 11s· 8 players
Game mode
Random Map
Map size
Large (8 player)
Population
200
Speed
Normal
Resources
Standard
Victory
Conquest
Starting age
Dark Age
Ending age
Imperial Age
RankedLock teamsTeams togetherTeam positionsShared explorationLock speedFull tech treeHidden civsTurbo modeCheats
Victory
Defeat
🇺🇸 Aztecs · United States
720
+8
🇩🇪 Khmer · Germany
712
+9
🇨🇴 Teutons · Colombia
668
+10
🇲🇽 Britons · Mexico
604
+12
🇺🇸 Britons · United States
554
-11
🇦🇷 Khmer · Argentina
553
-10
🇲🇽 Khmer · Mexico
546
-10
🇳🇱 Franks · Netherlands
476
-8
Dumbzie
0:49 Loom
14:08 Feudal Age
22:42 Castle Age
20:42 Double-Bit Axe
20:49 Stone Mining
21:04 Horse Collar
21:25 Gold Mining
32:10 Wheelbarrow
34:38 Imperial Age
32:00 Town Watch
32:29 Bow Saw
32:58 Gold Shaft Mining
32:27 Heavy Plow
32:41 Caravan
33:38 Hand Cart
33:32 Padded Archer Armor
34:29 Town Patrol
35:23 Fletching
35:48 Leather Archer Armor
37:36 Two-Man Saw
36:37 Bodkin Arrow
37:55 Ring Archer Armor
37:34 Bracer
38:27 Ballistics
39:08 Chemistry
38:19 Fortified Wall
38:04 Murder Holes
39:23 Elite Longbowman
40:23 Conscription
40:26 Yeomen
40:08 Warwolf
Coitoman
1:41 Loom
11:06 Feudal Age
12:31 Wheelbarrow
11:45 Double-Bit Axe
17:52 Horse Collar
20:22 Town Watch
20:31 Gold Mining
20:32 Stone Mining
27:07 Castle Age
28:10 Hand Cart
28:10 Bow Saw
28:40 Gold Shaft Mining
28:40 Stone Shaft Mining
28:16 Town Patrol
29:51 Caravan
34:20 Scale Barding Armor
35:55 Tusk Swords
43:22 Imperial Age
44:43 Double Crossbow
45:05 Conscription
45:58 Chemistry
Marco 1985 MÉXICO City
1:08 Loom
18:03 Feudal Age
20:33 Feudal Age
23:38 Stone Mining
24:56 Fishing Lines
27:20 Castle Age
26:54 Gold Mining
26:53 Double-Bit Axe
27:43 Fletching
28:21 Bow Saw
28:04 Gillnets
29:04 Stone Shaft Mining
29:40 Bloodlines
29:32 Husbandry
31:28 Bodkin Arrow
35:04 Wheelbarrow
34:57 Scale Barding Armor
36:00 Gold Shaft Mining
37:42 Hand Cart
42:00 Imperial Age
40:26 Town Watch
41:12 Chain Barding Armor
43:11 Town Patrol
43:55 Plate Barding Armor
43:36 Cavalier
54:53 Caravan
sjonsjon [nl]
1:42 Loom
15:57 Feudal Age
17:43 Wheelbarrow
17:43 Double-Bit Axe
23:06 Forging
25:02 Castle Age
23:46 Man-at-Arms
28:37 Bow Saw
29:47 Fletching
29:58 Padded Archer Armor
30:36 Crossbowman
32:46 Hand Cart
34:11 Leather Archer Armor
33:56 Bodkin Arrow
36:44 Iron Casting
39:03 Scale Barding Armor
39:54 Caravan
40:26 Husbandry
48:48 Imperial Age
47:38 Chain Barding Armor
48:47 Ballistics
50:55 Ordonnance Companies
52:39 Cavalier
54:34 Blast Furnace
54:11 Plate Barding Armor
Don Typhoon
11:31 Feudal Age
11:58 Double-Bit Axe
11:54 Horse Collar
13:48 Wheelbarrow
19:20 Castle Age
19:01 Stone Mining
19:02 Gold Mining
20:33 Bow Saw
21:37 Heavy Plow
25:37 Hand Cart
31:15 Imperial Age
29:57 Gold Shaft Mining
29:58 Stone Shaft Mining
29:30 Scale Mail Armor
30:41 Coinage
30:12 Caravan
31:06 Forging
31:11 Chain Mail Armor
32:22 Iron Casting
31:37 Gambesons
31:52 Squires
31:42 Arson
32:32 Crop Rotation
33:00 Pikeman
33:00 Man-at-Arms
34:14 Plate Mail Armor
35:19 Blast Furnace
35:20 Banking
36:13 Conscription
35:37 Long Swordsman
36:24 Two-Handed Swordsman
37:30 Champion
39:06 Elite Jaguar Warrior
42:23 Garland Wars
NICKPNGC
1:25 Loom
15:05 Feudal Age
17:56 Wheelbarrow
20:43 Fletching
20:43 Man-at-Arms
26:57 Castle Age
25:12 Double-Bit Axe
25:09 Horse Collar
28:42 Long Swordsman
29:13 Gambesons
33:45 Pikeman
34:26 Squires
35:43 Ironclad
36:54 Gold Mining
42:25 Imperial Age
40:15 Hand Cart
39:44 Elite Skirmisher
40:24 Stone Mining
41:25 Bodkin Arrow
41:41 Forging
41:31 Scale Mail Armor
42:30 Bow Saw
45:23 Crenellations
45:24 Conscription
46:42 Chemistry
46:04 Ballistics
45:59 Fortified Wall
49:30 Halberdier
50:50 Iron Casting
52:34 Masonry
53:18 Stone Shaft Mining
inquicidor123
0:40 Loom
12:35 Feudal Age
14:48 Man-at-Arms
20:36 Double-Bit Axe
20:40 Arson
27:14 Castle Age
26:21 Fletching
26:32 Padded Archer Armor
26:18 Horse Collar
27:36 Scale Mail Armor
29:58 Gold Mining
29:33 Long Swordsman
32:45 Bow Saw
33:39 Gambesons
34:55 Squires
35:07 Stone Mining
38:58 Town Watch
39:51 Wheelbarrow
40:38 Bodkin Arrow
40:59 Leather Archer Armor
43:06 Ballistics
43:15 Town Patrol
47:40 Imperial Age
45:23 Heavy Plow
49:07 Bracer
49:39 Ring Archer Armor
50:36 Hand Cart
50:28 Warwolf
51:59 Heavy Scorpion
52:43 Elite Longbowman
53:46 Pikeman
54:56 Halberdier
julian_venom
0:28 Loom
11:56 Feudal Age
13:25 Wheelbarrow
13:10 Double-Bit Axe
14:33 Horse Collar
16:07 Stone Mining
16:09 Gold Mining
25:43 Castle Age
26:58 Hand Cart
27:07 Bow Saw
27:21 Heavy Plow
27:26 Caravan
30:54 Imperial Age
28:58 Scale Barding Armor
31:27 Chain Barding Armor
31:26 Town Watch
32:13 Town Patrol
34:30 Plate Barding Armor
35:32 Crop Rotation
37:44 Ballistics
38:57 Double Crossbow
39:00 Tusk Swords
39:21 Conscription
39:05 Husbandry
39:18 Bloodlines
38:31 Heavy Scorpion
39:35 Elite Battle Elephant
40:45 Fortified Wall
41:18 Siege Engineers
Connection lost

Rejoining the realm…

Still unreachable

The connection could not be restored.

Session expired

The server has moved on; the page needs a fresh start.